AoeStats
← Shane-Saw FR

Arena

509949092Analyzed
4v4 RM · 3d ago on Sep 28, 2026· 47m 5s· 8 players
Game mode
Random Map
Map size
Large (8 player)
Population
200
Speed
Normal
Resources
Standard
Victory
Conquest
Starting age
Dark Age
Ending age
Imperial Age
RankedLock teamsTeams togetherTeam positionsShared explorationLock speedFull tech treeHidden civsTurbo modeCheats
Victory
Defeat
🇪🇸 Persians · Spain
1323
+16
🇩🇪 Bohemians · Germany
1281
+18
🇵🇪 Aztecs · Peru
1253
+19
🇫🇷 Ethiopians · France
1250
+19
🇩🇰 Malians · Denmark
1405
-21
🇩🇰 Danes · Denmark
1382
-20
🇩🇰 Saxons · Denmark
1298
-17
🇩🇰 Persians · Denmark
1221
-14
Esta
10:53 Feudal Age
14:37 Castle Age
12:24 Double-Bit Axe
12:28 Horse Collar
15:43 Bow Saw
21:55 Wheelbarrow
21:34 Fervor
23:56 Scale Mail Armor
24:09 Forging
24:01 Fletching
24:12 Padded Archer Armor
24:28 Heavy Plow
27:02 Imperial Age
24:31 Loom
26:13 Chemistry
25:53 Leather Archer Armor
25:34 Bodkin Arrow
26:02 Ballistics
26:09 Hand Cart
25:41 Town Watch
28:39 Conscription
28:24 Wagenburg Tactics
29:34 Two-Man Saw
32:19 Ring Archer Armor
31:50 Bracer
31:52 Scale Mail Armor
32:03 Forging
31:17 Pikeman
31:57 Squires
32:42 Siege Engineers
32:48 Masonry
33:33 Town Patrol
34:56 Onager
35:55 Chain Mail Armor
36:16 Iron Casting
35:03 Halberdier
37:12 Plate Mail Armor
37:15 Fortified Wall
37:39 Architecture
42:14 Houfnice
47:04 Fortified Wall
46:49 Murder Holes
vivero
10:43 Feudal Age
12:12 Double-Bit Axe
12:15 Horse Collar
15:05 Castle Age
15:51 Bow Saw
15:42 Heavy Plow
20:29 Loom
25:12 Wheelbarrow
30:05 Imperial Age
27:48 Forging
28:15 Gold Mining
28:18 Stone Mining
29:33 Iron Casting
29:04 Scale Barding Armor
29:41 Elite War Elephant
31:23 Blast Furnace
30:51 Conscription
32:25 Gold Shaft Mining
32:26 Stone Shaft Mining
32:22 Chain Barding Armor
33:12 Fletching
33:23 Padded Archer Armor
34:14 Plate Barding Armor
34:18 Thumb Ring
34:16 Kamandaran
34:23 Fletching
34:33 Padded Archer Armor
34:08 Crossbowman
35:39 Ballistics
36:27 Bodkin Arrow
36:47 Leather Archer Armor
37:37 Chemistry
Mine Grote
12:25 Feudal Age
16:22 Castle Age
15:09 Double-Bit Axe
15:05 Horse Collar
17:34 Wheelbarrow
21:21 Heavy Plow
26:56 Imperial Age
24:44 Bow Saw
26:01 Hand Cart
26:03 Fletching
26:40 Gold Mining
26:42 Stone Mining
26:17 Elite Skirmisher
27:20 Bodkin Arrow
29:01 Padded Archer Armor
29:23 Ballistics
31:00 Leather Archer Armor
31:51 Atlatl
32:25 Bracer
33:55 Chemistry
33:39 Scale Mail Armor
35:06 Chain Mail Armor
35:26 Forging
35:47 Elite Jaguar Warrior
37:25 Gold Shaft Mining
39:33 Plate Mail Armor
40:04 Loom
40:04 Town Watch
43:28 Iron Casting
45:02 Stone Shaft Mining
44:51 Garland Wars
44:52 Conscription
47:46 Blast Furnace
Shane-Saw FR
10:45 Feudal Age
12:00 Double-Bit Axe
14:46 Castle Age
13:17 Stone Mining
14:21 Gold Mining
16:17 Town Watch
17:10 Loom
37:27 Crossbowman
38:10 Scale Mail Armor
38:38 Squires
43:22 Imperial Age
41:41 Wheelbarrow
40:50 Horse Collar
42:17 Heavy Plow
42:58 Hand Cart
42:44 Fletching
42:56 Padded Archer Armor
44:25 Conscription
43:29 Arbalester
44:16 Thumb Ring
44:12 Bodkin Arrow
44:28 Forging
46:11 Royal Heirs
45:45 Elite Skirmisher
47:48 Chemistry
Fr4ggi
10:41 Feudal Age
15:50 Castle Age
14:40 Bloodlines
14:42 Scale Barding Armor
14:48 Forging
14:28 Double-Bit Axe
14:32 Horse Collar
16:41 Wheelbarrow
16:24 Forging
18:35 Chain Barding Armor
21:38 Husbandry
24:25 Heavy Plow
25:42 Iron Casting
25:53 Gold Mining
26:24 Bow Saw
27:51 Hand Cart
27:25 Loom
30:14 Gold Shaft Mining
32:33 Imperial Age
30:05 Stone Mining
32:10 Stone Shaft Mining
32:09 Cavalier
33:27 Plate Barding Armor
33:53 Blast Furnace
33:43 Savar
44:12 Conscription
43:37 Heavy Camel Rider
PJtheDcoy
11:10 Feudal Age
15:28 Castle Age
13:36 Horse Collar
14:59 Double-Bit Axe
18:48 Loom
21:40 Wheelbarrow
22:54 Forging
23:09 Scale Mail Armor
23:31 Gold Mining
24:06 Stone Mining
25:45 Heavy Plow
25:56 Bow Saw
31:55 Imperial Age
30:06 Hand Cart
29:58 Fletching
29:29 Crossbowman
30:28 Town Watch
32:07 Chain Mail Armor
31:22 Man-at-Arms
32:03 Squires
32:56 Iron Casting
32:37 Fortified Wall
33:30 Plate Mail Armor
32:29 Long Swordsman
33:27 Two-Handed Swordsman
36:11 Pikeman
42:06 Champion
Quando
10:48 Feudal Age
11:41 Double-Bit Axe
12:08 Horse Collar
14:33 Castle Age
17:41 Loom
21:23 Bow Saw
21:29 Town Watch
22:30 Heavy Plow
24:33 Scale Mail Armor
25:37 Wheelbarrow
27:37 Gambesons
27:12 Man-at-Arms
28:43 Hand Cart
29:29 Forging
32:50 Imperial Age
30:54 Chain Mail Armor
31:49 Iron Casting
30:36 Long Swordsman
31:16 Squires
33:23 Fletching
37:20 Imperial Age
36:24 Ballistics
36:15 Masonry
36:56 Bodkin Arrow
37:17 Arson
37:35 Two-Handed Swordsman
38:46 Plate Mail Armor
39:16 Blast Furnace
39:40 Chemistry
38:28 Champion
39:22 Siege Engineers
39:26 Capped Ram
40:07 Onager
41:20 Bracer
41:17 Murder Holes
41:06 Siege Ram
42:34 Conscription
44:14 Hamask
44:16 Northmen's Fury
44:34 Siege Onager
Relief
11:06 Feudal Age
15:15 Castle Age
16:01 Double-Bit Axe
15:59 Horse Collar
22:17 Bow Saw
24:57 Scale Mail Armor
25:56 Heavy Plow
30:16 Imperial Age
27:32 Loom
28:11 Chain Mail Armor
28:54 Wheelbarrow
28:31 Forging
28:14 Pikeman
29:32 Treadmill Crane
30:38 Iron Casting
30:17 Fletching
32:12 Two-Man Saw
31:45 Conscription
31:56 Plate Mail Armor
31:44 Stone Mining
31:46 Gold Mining
32:06 Squires
31:52 Gambesons
31:56 Arson
32:21 Halberdier
34:21 Fortified Wall
34:23 Masonry
35:28 Bodkin Arrow
35:13 Shield Wall
36:15 Hand Cart
37:09 Bracer
40:40 Crop Rotation
40:21 Murder Holes
46:23 Elite Hearth Troop
Connection lost

Rejoining the realm…

Still unreachable

The connection could not be restored.

Session expired

The server has moved on; the page needs a fresh start.